General information
- name: BNet
- type: Ladder team game (AT/RT)
- host: Battle.net
- saver: IIIIIII
map: MarketSquare
- players: 8
- length: 18:58
- speed: Fast
- version: 1.27 W3XP
- replay type: Public
» download(171 KB)
Players
team 1 (loser)

»
Fours (
teal | 92 APM | 1730 actions | 18:51)
4 Archmage
2 Summon Water Elemental
2 Brilliance Aura
2 Mountain King
1 Storm Bolt
1 Bash
1 Paladin
1 Holy Light
» actions
| Assign group hotkey | 36 | |
| Basic commands | 17 | |
| Build / train | 84 | |
| Enter build submenu | 30 | |
| Enter hero's abilities submenu | 7 | |
| Remove unit from queue | 2 | |
| Right click | 690 | |
| Select / deselect | 461 | |
| Select group hotkey | 299 | |
| Use ability | 104 | |
1730 total
» units
| Peasant | 15 | |
| Footman | 12 | |
| Priest | 4 | |
| Gryphon Rider | 3 | |
| Knight | 6 | |
| Dragonhawk Rider | 3 | |
43 total
» upgrades
| Defend | 1 | |
| Masonry | 1 | |
| Priest Training | 2 | |
| Plating | 1 | |
| Cloud | 1 | |
| Swords | 2 | |
8 total
» buildings
| Barracks | 1 | |
| Altar of Kings | 1 | |
| Farm | 13 | |
| Scout Tower | 6 | |
| Arcane Vault | 1 | |
| Arcane Tower | 2 | |
| Lumber Mill | 1 | |
| Town Hall | 1 | |
| Guard Tower | 4 | |
| Keep | 1 | |
| Arcane Sanctum | 1 | |
| Castle | 1 | |
| Gryphon Aviary | 2 | |
| Blacksmith | 1 | |
36 total
» build order
00:10 Barracks
00:18 Altar of Kings
00:34 Farm
00:49 Farm
01:52 Farm
02:13 Scout Tower
02:22 Arcane Vault
02:39 Arcane Tower
03:08 Farm
03:41 Lumber Mill
04:35 Scout Tower
04:51 Arcane Tower
04:53 Scout Tower
05:08 Town Hall
05:12 Guard Tower
06:07 Keep
06:36 Scout Tower
08:56 Arcane Sanctum
08:57 Castle
09:01 Gryphon Aviary
09:04 Gryphon Aviary
09:27 Scout Tower
09:29 Guard Tower
09:34 Blacksmith
09:56 Guard Tower
09:57 Scout Tower
12:15 Guard Tower
12:24 Farm
12:26 Farm
13:07 Farm
13:08 Farm
13:23 Farm
13:44 Farm
13:46 Farm
14:18 Farm
14:22 Farm
» items
| Scroll of Regeneration | 4 | |
| Lesser Clarity Potion | 4 | |
| Scroll of Town Portal | 2 | |
| Potion of Healing | 1 | |
| Mechanical Critter | 1 | |
| Potion of Mana | 1 | |
13 total

»
Carpenter (
blue | 50 APM | 936 actions | 18:32)
5 Warden
3 Fan of Knives
2 Shadow Strike
» actions
| Assign group hotkey | 31 | |
| Build / train | 71 | |
| Enter build submenu | 22 | |
| Enter hero's abilities submenu | 5 | |
| Right click | 382 | |
| Select / deselect | 255 | |
| Select group hotkey | 127 | |
| Use ability | 43 | |
936 total
» units
| Wisp | 28 | |
| Archer | 1 | |
| Huntress | 11 | |
| Dryad | 9 | |
| Druid of the Claw | 4 | |
53 total
» upgrades
| Strength of the Wild | 3 | |
| Reinforced Hides | 2 | |
| Druid of the Claw Training | 2 | |
| Mark of the Claw | 1 | |
8 total
» buildings
| Moon Well | 8 | |
| Altar of Elders | 1 | |
| Ancient of War | 1 | |
| Hunter's Hall | 1 | |
| Ancient of Wonders | 1 | |
| Ancient Protector | 5 | |
| Tree of Life | 1 | |
| Tree of Ages | 1 | |
| Ancient of Lore | 2 | |
| Tree of Eternity | 1 | |
22 total
» build order
00:41 Moon Well
00:54 Altar of Elders
01:07 Ancient of War
02:10 Moon Well
02:30 Hunter's Hall
02:45 Ancient of Wonders
03:15 Moon Well
04:15 Moon Well
05:14 Moon Well
06:18 Moon Well
07:03 Ancient Protector
07:05 Ancient Protector
07:08 Ancient Protector
07:10 Ancient Protector
08:21 Tree of Life
08:32 Moon Well
09:02 Tree of Ages
10:00 Ancient Protector
11:29 Ancient of Lore
11:35 Ancient of Lore
13:26 Tree of Eternity
13:56 Moon Well
» items
| Scroll of Town Portal | 1 | |
| Potion of Healing | 1 | |
2 total

»
diddly_doodly (
purple | 53 APM | 986 actions | 18:36)
4 Demon Hunter
1 Immolation
1 Evasion
2 Mana Burn
» actions
| Basic commands | 8 | |
| Build / train | 64 | |
| Enter build submenu | 17 | |
| Enter hero's abilities submenu | 4 | |
| Remove unit from queue | 2 | |
| Right click | 542 | |
| Select / deselect | 302 | |
| Use ability | 47 | |
986 total
» units
| Wisp | 26 | |
| Archer | 8 | |
| Huntress | 9 | |
| Hippogryph | 3 | |
46 total
» upgrades
| Strength of the Moon | 2 | |
| Ultravision | 1 | |
| Moon Armor | 1 | |
| Strength of the Wild | 1 | |
| Reinforced Hides | 1 | |
| Improved Bows | 1 | |
| Hippogryph Taming | 1 | |
8 total
» buildings
| Altar of Elders | 1 | |
| Moon Well | 7 | |
| Ancient of War | 3 | |
| Hunter's Hall | 1 | |
| Ancient Protector | 5 | |
| Tree of Life | 1 | |
| Tree of Ages | 1 | |
| Ancient of Wonders | 1 | |
| Ancient of Wind | 2 | |
22 total
» build order
00:12 Altar of Elders
00:16 Moon Well
00:38 Ancient of War
01:43 Moon Well
02:41 Hunter's Hall
03:10 Ancient of War
03:14 Ancient of War
03:58 Ancient Protector
04:03 Ancient Protector
05:20 Moon Well
05:22 Moon Well
05:32 Tree of Life
06:12 Ancient Protector
06:14 Ancient Protector
06:17 Ancient Protector
09:21 Tree of Ages
09:50 Moon Well
09:54 Ancient of Wonders
12:49 Ancient of Wind
12:50 Ancient of Wind
15:47 Moon Well
15:47 Moon Well
» items
| Scroll of Town Portal | 1 | |
| Boots of Speed | 1 | |
2 total

»
Downrising (
orange | 67 APM | 1263 actions | 18:56)
4 Warden
2 Fan of Knives
1 Shadow Strike
1 Blink
» actions
| Assign group hotkey | 13 | |
| Build / train | 72 | |
| Enter build submenu | 30 | |
| Enter hero's abilities submenu | 4 | |
| Remove unit from queue | 4 | |
| Right click | 630 | |
| Select / deselect | 441 | |
| Select group hotkey | 10 | |
| Use ability | 59 | |
1263 total
» units
| Wisp | 26 | |
| Archer | 9 | |
| Huntress | 1 | |
| Hippogryph | 10 | |
| Mountain Giant | 5 | |
51 total
» upgrades
| Ultravision | 1 | |
| Strength of the Moon | 1 | |
| Strength of the Wild | 1 | |
| Hippogryph Taming | 1 | |
| Reinforced Hides | 3 | |
| Resistant Skin | 1 | |
| Hardened Skin | 1 | |
9 total
» buildings
| Altar of Elders | 2 | |
| Moon Well | 9 | |
| Ancient of War | 1 | |
| Ancient of Wonders | 1 | |
| Hunter's Hall | 1 | |
| Tree of Ages | 1 | |
| Tree of Life | 1 | |
| Ancient Protector | 3 | |
| Ancient of Wind | 2 | |
| Tree of Eternity | 1 | |
| Ancient of Lore | 3 | |
25 total
» build order
00:03 Altar of Elders
00:09 Altar of Elders
00:34 Moon Well
00:57 Ancient of War
01:46 Moon Well
02:15 Ancient of Wonders
02:52 Hunter's Hall
03:23 Moon Well
03:54 Moon Well
04:35 Moon Well
04:52 Tree of Ages
05:55 Tree of Life
06:06 Moon Well
06:48 Ancient Protector
08:35 Ancient of Wind
08:52 Ancient of Wind
09:13 Ancient Protector
09:21 Ancient Protector
10:27 Tree of Eternity
11:06 Ancient of Lore
12:17 Ancient of Lore
13:27 Ancient of Lore
15:41 Moon Well
16:29 Moon Well
16:39 Moon Well
» items
team 2 (winner)

»
lacai (
pink | 81 APM | 1526 actions | 18:57)
6 Archmage
3 Summon Water Elemental
2 Brilliance Aura
1 Mass Teleport
3 Mountain King
2 Storm Bolt
1 Bash
» actions
| Assign group hotkey | 48 | |
| Build / train | 79 | |
| Enter build submenu | 23 | |
| Enter hero's abilities submenu | 9 | |
| Right click | 736 | |
| Select / deselect | 230 | |
| Select group hotkey | 332 | |
| Use ability | 69 | |
1526 total
» units
| Peasant | 20 | |
| Footman | 3 | |
| Rifleman | 12 | |
| Gryphon Rider | 5 | |
| Mortar Team | 3 | |
| Dragonhawk Rider | 1 | |
44 total
» upgrades
| Gunpowder | 2 | |
| Armor | 1 | |
| Long Rifles | 1 | |
| Lumber Harvesting | 2 | |
| Plating | 1 | |
| Masonry | 1 | |
| Swords | 1 | |
| Fragmentation Shards | 1 | |
| Flare | 1 | |
11 total
» buildings
| Altar of Kings | 1 | |
| Farm | 13 | |
| Barracks | 1 | |
| Blacksmith | 1 | |
| Arcane Vault | 1 | |
| Lumber Mill | 1 | |
| Keep | 1 | |
| Town Hall | 1 | |
| Scout Tower | 6 | |
| Castle | 1 | |
| Guard Tower | 4 | |
| Gryphon Aviary | 2 | |
| Workshop | 1 | |
34 total
» build order
00:22 Altar of Kings
00:39 Farm
00:41 Farm
00:44 Barracks
02:00 Farm
02:24 Blacksmith
02:37 Arcane Vault
03:08 Lumber Mill
03:16 Farm
05:48 Keep
06:19 Town Hall
06:26 Scout Tower
06:29 Scout Tower
06:54 Farm
08:33 Castle
08:40 Guard Tower
08:42 Scout Tower
08:43 Scout Tower
09:12 Guard Tower
09:16 Scout Tower
09:20 Scout Tower
09:49 Guard Tower
11:59 Gryphon Aviary
12:00 Gryphon Aviary
12:46 Workshop
13:03 Guard Tower
13:31 Farm
13:32 Farm
13:36 Farm
13:37 Farm
15:09 Farm
15:11 Farm
15:37 Farm
15:38 Farm
» items
Jagr (
yellow | 128 APM | 2428 actions | 18:57)
6 Mountain King
3 Storm Bolt
2 Bash
1 Avatar
2 Blood Mage
1 Flame Strike
1 Siphon Mana
» actions
| Assign group hotkey | 21 | |
| Basic commands | 211 | |
| Build / train | 69 | |
| ESC pressed | 1 | |
| Enter build submenu | 31 | |
| Enter hero's abilities submenu | 8 | |
| Right click | 731 | |
| Select / deselect | 295 | |
| Select group hotkey | 1003 | |
| Use ability | 58 | |
2428 total
» units
| Peasant | 16 | |
| Rifleman | 14 | |
| Mortar Team | 2 | |
| Priest | 2 | |
34 total
» upgrades
| Gunpowder | 3 | |
| Armor | 2 | |
| Masonry | 3 | |
| Long Rifles | 1 | |
| Priest Training | 2 | |
| Lumber Harvesting | 1 | |
| Fragmentation Shards | 1 | |
| Barrage | 1 | |
14 total
» buildings
| Altar of Kings | 1 | |
| Farm | 10 | |
| Barracks | 1 | |
| Blacksmith | 1 | |
| Scout Tower | 9 | |
| Arcane Vault | 1 | |
| Arcane Tower | 2 | |
| Lumber Mill | 1 | |
| Keep | 1 | |
| Guard Tower | 3 | |
| Castle | 1 | |
| Arcane Sanctum | 2 | |
| Workshop | 2 | |
| Town Hall | 1 | |
36 total
» build order
01:30 Altar of Kings
01:33 Farm
01:38 Barracks
01:42 Blacksmith
01:48 Farm
01:53 Scout Tower
02:12 Arcane Vault
02:31 Farm
02:52 Arcane Tower
03:08 Farm
03:18 Farm
04:36 Scout Tower
04:42 Lumber Mill
05:31 Keep
05:56 Guard Tower
06:26 Farm
08:32 Farm
09:39 Castle
09:40 Farm
09:42 Arcane Sanctum
10:10 Workshop
10:13 Workshop
10:40 Arcane Sanctum
11:35 Town Hall
11:53 Scout Tower
11:53 Scout Tower
11:54 Scout Tower
12:24 Arcane Tower
12:24 Guard Tower
13:28 Guard Tower
14:23 Scout Tower
14:26 Farm
14:29 Farm
16:59 Scout Tower
17:01 Scout Tower
17:03 Scout Tower
» items
| Lesser Clarity Potion | 1 | |
| Orb of Fire | 1 | |
| Scroll of Town Portal | 1 | |
| Potion of Healing | 1 | |
4 total
IdkHow2PIay (
green | 63 APM | 1188 actions | 18:57)
6 Archmage
3 Summon Water Elemental
2 Brilliance Aura
1 Mass Teleport
» actions
| Assign group hotkey | 20 | |
| Basic commands | 95 | |
| Build / train | 71 | |
| ESC pressed | 1 | |
| Enter build submenu | 34 | |
| Enter hero's abilities submenu | 6 | |
| Right click | 656 | |
| Select / deselect | 102 | |
| Select group hotkey | 108 | |
| Use ability | 95 | |
1188 total
» units
| Peasant | 19 | |
| Footman | 1 | |
| Rifleman | 13 | |
| Siege Engine | 6 | |
39 total
» upgrades
| Gunpowder | 2 | |
| Masonry | 2 | |
| Lumber Harvesting | 1 | |
| Long Rifles | 1 | |
| Plating | 2 | |
| Barrage | 1 | |
9 total
» buildings
| Altar of Kings | 2 | |
| Farm | 10 | |
| Barracks | 1 | |
| Blacksmith | 1 | |
| Scout Tower | 16 | |
| Arcane Vault | 3 | |
| Arcane Tower | 2 | |
| Lumber Mill | 1 | |
| Town Hall | 2 | |
| Guard Tower | 4 | |
| Keep | 1 | |
| Workshop | 3 | |
| Castle | 2 | |
48 total
» build order
00:45 Altar of Kings
00:47 Farm
00:51 Altar of Kings
00:58 Farm
01:15 Barracks
01:42 Blacksmith
02:05 Farm
02:27 Scout Tower
02:30 Scout Tower
02:39 Scout Tower
02:44 Scout Tower
03:01 Arcane Vault
03:10 Scout Tower
03:16 Farm
03:21 Arcane Tower
04:02 Lumber Mill
05:44 Town Hall
05:51 Scout Tower
05:52 Scout Tower
05:53 Scout Tower
05:55 Scout Tower
05:56 Scout Tower
06:56 Guard Tower
06:58 Keep
07:02 Farm
07:04 Farm
08:46 Guard Tower
08:50 Farm
08:54 Farm
08:57 Arcane Vault
12:52 Workshop
12:52 Workshop
13:21 Workshop
14:47 Town Hall
14:52 Scout Tower
14:53 Scout Tower
14:54 Scout Tower
14:56 Scout Tower
14:57 Scout Tower
14:58 Scout Tower
15:01 Arcane Vault
15:37 Castle
15:37 Castle
16:00 Guard Tower
16:00 Guard Tower
18:25 Farm
18:28 Farm
18:31 Arcane Tower
» items
| Scroll of Regeneration | 1 | |
| Lesser Clarity Potion | 1 | |
2 total
IIIIIII (
red | 87 APM | 1649 actions | 18:58)
6 Death Knight
2 Death Coil
3 Unholy Aura
1 Animate Dead
4 Dark Ranger
2 Silence
2 Black Arrow
4 Pit Lord
2 Howl of Terror
2 Cleaving Attack
» actions
| Assign group hotkey | 38 | |
| Basic commands | 148 | |
| Build / train | 71 | |
| Enter build submenu | 23 | |
| Enter hero's abilities submenu | 14 | |
| Give item / drop item | 2 | |
| Right click | 482 | |
| Select / deselect | 265 | |
| Select group hotkey | 520 | |
| Use ability | 86 | |
1649 total
» units
| Acolyte | 7 | |
| Ghoul | 6 | |
| Crypt Fiend | 5 | |
| Frost Wyrm | 12 | |
| Gargoyle | 1 | |
31 total
» upgrades
| Freezing Breath | 1 | |
| Creature Carapace | 2 | |
3 total
» buildings
| Graveyard | 1 | |
| Crypt | 1 | |
| Altar of Darkness | 1 | |
| Ziggurat | 8 | |
| Tomb of Relics | 2 | |
| Halls of the Dead | 1 | |
| Necropolis | 1 | |
| Black Citadel | 1 | |
| Sacrificial Pit | 1 | |
| Boneyard | 2 | |
19 total
» build order
00:08 Graveyard
00:16 Crypt
00:45 Altar of Darkness
01:01 Ziggurat
01:49 Tomb of Relics
02:04 Ziggurat
03:54 Halls of the Dead
04:20 Necropolis
05:59 Tomb of Relics
06:17 Black Citadel
07:53 Sacrificial Pit
08:21 Ziggurat
09:17 Boneyard
09:20 Boneyard
09:41 Ziggurat
11:38 Ziggurat
14:13 Ziggurat
15:59 Ziggurat
16:02 Ziggurat
» items
| Rod of Necromancy | 2 | |
| Sacrificial Skull | 2 | |
| Potion of Healing | 2 | |
| Orb of Corruption | 2 | |
| Scroll of Town Portal | 1 | |
| Potion of Lesser Invulnerability | 1 | |
| Scroll of Healing | 1 | |
| Scroll of Protection | 1 | |
12 total
Chat log
(00:16 / Allies) Jagr: sup[
(00:28 / Allies) Jagr: mk rifs casts
(00:33 / Allies) IIIIIII: fiend frost fast expo
(00:37 / Allies) Jagr: k
(05:54 / Allies) Jagr: go mid
(06:08 / Allies) lacai: leave.
(06:12 / Allies) Jagr: ?
(06:15 / Allies) IIIIIII: SRY
(06:23 / Allies) lacai: -.-''
(07:07 / Allies) lacai: ARCHERS
(07:32 / Allies) IdkHow2PIay: WE B?
(07:35 / Allies) Jagr: no
(10:07 / Allies) Jagr: ill get morts
(10:16 / Allies) IdkHow2PIay: kk
(12:35 / Allies) lacai: lumber
(12:47 / Allies) lacai: thanks
(13:08 / Allies) Jagr: 100g
(14:16 / Allies) IdkHow2PIay: ill give shit ton of gold for lumber
(14:44 / Allies) Jagr: those poor
(14:46 / Allies) Jagr: crypt fields
(16:06 / Allies) Jagr: ill handle
(16:13 / Allies) IdkHow2PIay: coming yellow
(16:21 / Allies) IdkHow2PIay: to me
(16:28 / Allies) lacai: GO
(16:28 / Allies) lacai: GO
(16:29 / Allies) lacai: GO
(16:30 / Allies) lacai: GO
(18:18 / All) Fours: lol
(18:19 / All) Fours: garbage team
(18:38 / All) IdkHow2PIay: lul
(18:39 / All) IdkHow2PIay: gg
(18:45 / All) Fours: GARBAGE
(18:52 / Allies) lacai: RIFLES
(18:53 / All) IdkHow2PIay: you were pretty good
(18:54 / All) Downrising: gg
(18:54 / Allies) lacai: OWNED